Unix NetHack Version 5.0.0-0 post-release - last build May  4 2026 22:22:43 (774f63e81ad911689b3a0859ea89b322d5daca8d,branch:main).

Game began 2026-05-08 10:03:11, ended 2026-05-08 11:42:53.

BSL2425737, lawful female dwarven Valkyrie

   ---       --------      ---              ---   ---
 ---.----    |......-------..-----.---.--  --.-----..|            ---
 |......---- |..|.......................^..|.........--           -.--
 |....^....| |.-|.-......---..--..............------..--      ----...|
 ----.>....| |.--........- -.......|.^.--.---.---  --..--     |..^...|
    |.....----....................- -..     |...|   --`.--    |.....-
    ---...| |.....................--        ---.|--   -..---  |.....|     ---
      --..| |......................--         |.|.--  --...|.--.|...| -----.|
       |..| |.---...................*-------  |.....---|........|-..---.--..-
        -.|--.|  -..%.........%......%..^..|  |.......||.....^-----..........
        |.|-..|  |......*....--.|.---......|  |.......-|.-....|   ---f-......
        |.|..--  |..........------- ---.--<|---........|..-...--    |@.--....
        |.|.-- ---...........|        ---  |............|......|    --.......
        |.|.|  |.............--            --..........----...--     ----...
        |.|.|  |..............---           --.........|  |...--        ----
        |...|  --...............|            ---.......------..|
        --..|   ---.--....--....|              --........-- --.|
         |..|     --- -..- --...|               |.........|  |.--
         |..|         ----  |...|               --.|......|  |..|
         ----               --.--                ----.-----  |..|
                             ---                    ---      ----
BSL2425737 the Skirmisher   St:18/02 Dx:14 Co:18 In:7 Wi:9 Ch:8  Lawful
Dlvl:7  $:43 HP:0(63) Pw:8(8) AC:10 Xp:5 T:3263 

Latest messages:
 The wood nymph wakes up!
 The wood nymph screams!
 The wood nymph stole a key.
 The wood nymph vanishes!
 The jaguar hits!
 The jaguar hits again!
 The jaguar bites!
 The jaguar hits!
 The jaguar hits again!
 The jaguar bites!
 You hit the jaguar.
 The jaguar hits!
 The jaguar hits again!
 The jaguar bites!
 You hit the jaguar!
 The jaguar hits!
 The jaguar hits again!
 The jaguar bites!
 You hit the jaguar.
 The jaguar hits!
 The jaguar hits again!
 The jaguar bites!
 What do you want to throw? [$abjvwI or ?*] *
 What do you want to throw? [$abjvwI or ?*] <space>
 Never mind.
 Are you sure you want to pray? [yn] (n) y
 You begin praying to Tyr.
 You are surrounded by a shimmering light.
 The jaguar starts to attack you, but pulls back.
 The jaguar starts to attack you, but pulls back.
 The jaguar starts to attack you, but pulls back.
 The jaguar starts to attack you, but pulls back.
 The jaguar starts to attack you, but pulls back.
 The jaguar starts to attack you, but pulls back.
 You finish your prayer.
 You feel that Tyr is well-pleased.
 What do you want to zap? [g or ?*] *
 You don't find anything.
 The jaguar hits!
 The jaguar hits again!
 The jaguar bites!
 The jaguar hits!
 The jaguar hits again!
 The jaguar bites!
 You die...
 Do you want your possessions identified? [ynq] (y) y
 Do you want to see your attributes? [ynq] (y) y
 Do you want an account of creatures vanquished? [ynaq] (y) y
 Do you want to see your conduct and achievements? [ynq] (y) y
 Do you want to see the dungeon overview? [ynq] (y) y

Inventory:
 Coins    ('$')
  $ - 43 gold pieces
 Amulets  ('"')
  L - an uncursed amulet of unchanging
 Weapons  (')')
  v - a +3 arrow
  w - 9 +0 arrows
  b - a +0 dagger
  a - a blessed +1 dwarvish spear
  j - a fireproof +0 quarterstaff
  I - a blessed +0 scimitar
 Armor    ('[')
  c - an uncursed +3 small shield
  N - an uncursed +2 mummy wrapping
 Comestibles  ('%')
  e - 2 cursed tripe rations
  k - an uncursed tin of broiled lichen
 Scrolls  ('?')
  G - an uncursed scroll of blank paper
 Rings    ('=')
  p - an uncursed ring of see invisible
 Wands    ('/')
  g - a wand of secret door detection (0:12)
 Tools    ('(')
  D - a +0 pick-axe
  A - an uncursed tin whistle
 Gems/Stones  ('*')
  J - an uncursed opal
  t - 3 uncursed worthless pieces of green glass
  u - 2 uncursed worthless pieces of red glass

BSL2425737 the Valkyrie's attributes:

Background:
 You were a Skirmisher, a level 5 dwarven Valkyrie.
 You were lawful, on a mission for Tyr
 who was opposed by Odin (neutral) and Loki (chaotic).
 You were right-handed.
 You were in the Gnomish Mines, on level 7.
 You entered the dungeon 3263 turns ago.
 You had 256 experience points, 64 more were needed to attain level 6.

Basics:
 You had 0 out of 63 hit points.
 You had all 8 energy points (spell power).
 Your armor class was 10.
 Your wallet contained 43 zorkmids.
 Autopickup was off.

Final Characteristics:
 Your strength was 18/02 (limit:18/100).
 Your dexterity was 14 (limit:20).
 Your constitution was 18 (limit:20).
 Your intelligence was 7 (limit:16).
 Your wisdom was 9 (limit:16).
 Your charisma was 8 (limit:16).

Final Status:
 You weren't hungry.
 You were unencumbered.
 You were bare handed.
 You were unskilled in bare handed combat.
 You weren't wearing any armor.

Final Attributes:
 You were piously aligned.
 You were cold resistant.
 You had infravision.
 You were stealthy.
 You are dead.

Miscellaneous:
 You encountered 1 bones level.
 Total elapsed playing time was 1 hour, 39 minutes and 41 seconds.

Major events:
 Turn
    1: BSL2425737 the lawful dwarven Valkyrie entered the dungeon
  624: entered the Gnomish Mines
  706: attained the rank of Skirmisher (level 3)
 1811: reached Mine Town
 3263: killed by a jaguar

You didn't know any spells.

Skills:
 Fighting Skills
   bare handed combat [Unskilled]
   two weapon combat  [Unskilled]
   riding             [Unskilled]
 Weapon Skills
   dagger             [Basic]
   axe                [Unskilled]
   pick-axe           [Unskilled]
   short sword        [Unskilled]
   broadsword         [Unskilled]
   long sword         [Unskilled]
   two-handed sword   [Unskilled]
   saber              [Unskilled]
   hammer             [Unskilled]
   quarterstaff       [Unskilled]
   polearms           [Unskilled]
   spear              [Basic]
   trident            [Unskilled]
   lance              [Unskilled]
   sling              [Unskilled]
 Spellcasting Skills
   attack spells      [Unskilled]
   escape spells      [Unskilled]

Voluntary challenges:
 Character rerolling was not enabled.
 You were illiterate.
 You never genocided any monsters.
 You never polymorphed an object.
 You used no wishes.
Achievements:
 You entered the Gnomish Mines.
 You attained the rank of Skirmisher.
 You entered Minetown.
 You entered a shop.
 You entered a temple.

 The Dungeons of Doom: levels 1 to 2
    Level 1:
       A fountain.
    Level 2:
       A fountain, a sink.
       Stairs down to The Gnomish Mines.
 The Gnomish Mines: levels 3 to 7
    Level 3:
    Level 4:
       A grave.
       Final resting place for
          BilldaCat-Wiz-Hum-Mal-Neu, killed by a gnome.
    Level 5:
       Some shops, a temple and an altar, many fountains.
    Level 6:
    Level 7: <- You were here.
       Final resting place for
          you, killed by a jaguar.


Vanquished creatures:
 an orc shaman
  a fog cloud
  a yellow light
  a gnome leader
  a kobold mummy
  a straw golem
  a paper golem
  a little dog
  3 floating eyes
  a kitten
  a rothe
  a giant bat
  3 orc zombies
  a wererat
  2 iguanas
 an acid blob
  a hobgoblin
  2 giant rats
  a green mold
  a gnome
  2 geckos
  6 jackals
  2 kobolds
  a goblin
  a sewer rat
  5 grid bugs
  a lichen
  a kobold zombie
  6 newts
51 creatures vanquished.

No species were genocided or became extinct.

Game over:
                       ----------
                      /          \
                     /    REST    \
                    /      IN      \
                   /     PEACE      \
                  /                  \
                  |    BSL2425737    |
                  |      43 Au       |
                  |   killed by a    |
                  |      jaguar      |
                  |                  |
                  |                  |
                  |       2026       |
                 *|     *  *  *      | *
        _________)/\\_//(\/(/\)/\//\/|_)_______

Farvel BSL2425737 the Valkyrie...

You died in The Gnomish Mines on dungeon level 7 with 1373 points,
and 43 pieces of gold, after 3263 moves.
You were level 5 with a maximum of 63 hit points when you died.

